 Dungeon Crawl Stone Soup version 0.28-a0-1344-g6b9ff3a05d (webtiles) character file.

Game seed: 17119252030828248713

72 DoubleLucky the Caller (level 4, -6/24 HPs)
             Began as a Tengu Summoner on Dec 29, 2021.
             Mangled by Sigmund (8 damage)
             ... on level 3 of the Dungeon.
             The game lasted 00:06:54 (2568 turns).

DoubleLucky the Caller (Tengu Summoner)             Turns: 2568, Time: 00:06:55

Health: -6/24      AC:  2    Str:  9    XL:     4   Next: 26%
Magic:  8/9        EV: 13    Int: 17    God:
Gold:   88         SH:  0    Dex: 14    Spells: 5/8 levels left

rFire   . . .      SeeInvis .   c - +0 dagger
rCold   . . .      Faith    .   (no shield)
rNeg    . . .      Spirit   .   a - +0 robe
rPois   .          Reflect  .   (helmet restricted)
rElec   .          Harm     .   (no cloak)
rCorr   .          Rampage  .   (no gloves)
Will    .....                   (boots unavailable)
Stlth   ++........              (no amulet)
HPRegen 0.08/turn               (no ring)
MPRegen 0.11/turn               (no ring)

@: no status effects
A: beak, talons 3
a: no special abilities


You were on level 3 of the Dungeon.
You visited 1 branch of the dungeon, and saw 3 of its levels.

You collected 88 gold pieces.

Inventory:

Hand Weapons
 c - a +0 dagger (weapon)
Armour
 a - a +0 robe (worn)
Jewellery
 h - a ring of fire
 i - a +4 ring of evasion
Scrolls
 b - a scroll of enchant armour {unknown}
 d - 2 scrolls of identify {unknown}
 e - a scroll of amnesia {unknown}
 f - a scroll of immolation {unknown}
 g - a scroll of enchant weapon {unknown}
 j - a scroll of noise {unknown}
Potions
 k - a potion of resistance {unknown}
 l - a potion of mutation {unknown}


   Skills:
 + Level 3.3 Dodging
 - Level 2.0 Stealth
 + Level 2.8 Spellcasting
 + Level 5.5 Summonings


You had 5 spell levels left.
You knew the following spells:

 Your Spells              Type           Power      Damage    Failure   Level
a - Summon Small Mammal   Summ           84%        N/A       1%          1
b - Call Imp              Summ           21%        N/A       2%          2

Your spell library contained the following spells:

 Spells                   Type           Power      Damage    Failure   Level
 Call Canine Familiar     Summ           21%        N/A       5%          3
 Summon Guardian Golem    Hex/Summ       11%        N/A       17%         3
 Summon Lightning Spire   Summ/Air       11%        N/A       50%         4


Dungeon Overview and Level Annotations

Branches:
Dungeon (3/15)

Altars:

Annotations:
D:2 1 runed translucent door, Crazy Yiuf
D:3 Sigmund


Innate Abilities, Weirdness & Mutations

You have a beak for a mouth.
You have claws for feet.


Message History

You hear some strange, mumbled words.
Your rat appears confused.
Your rat closely misses you.
Something hits your rat.
Your rat dies!
Your rat's corpse disappears in a puff of smoke!
You see here an adder corpse.
You see here a +0 club.
A puff of flame appears from out of thin air!
The puff of flame hits your rat!
Your rat dies!
Your rat's corpse disappears in a puff of smoke!
Casting: Summon Small Mammal (safe; 1% risk of failure)
Confirm with . or Enter, or press ? or * to list all spells.
Casting: Summon Small Mammal (safe; 1% risk of failure)
Confirm with . or Enter, or press ? or * to list all spells.
You swap places.
Your crimson imp easily resists.
Sigmund appears from thin air!
Reactivating autopickup.
Sigmund gestures wildly while chanting.
Sigmund flickers and vanishes!
Deactivating autopickup; reactivate with Ctrl-A.
A magic dart appears from out of thin air!
The magic dart hits your quokka.
Your quokka dies!
Your quokka's corpse disappears in a puff of smoke!
Something hits you. Something hits you.
You hit something but do no damage. You claw something.
Your crimson imp blinks!
You closely miss something. Your kick misses something. You peck something.
Something hits you!
You hit something.
You hear some strange, mumbled words.
A magic dart appears from out of thin air!
The magic dart hits you.
* * * LOW HITPOINT WARNING * * *
You swap places.
Something hits you!
You die...

###.#.#######†.# #.....#
#.# ##.###.......)##
###.#.###.#
##..#.#######.#
#........# ...#.## #{#
#..#.##### ####.# #.#
#..#.# #.# #.# #..#.#
#.##### #.# #..#.# #
#.....####.######..#.# #
#####......{r@..5....#
##############........###
...............########
################ # #


You could see a friendly crimson imp (summoned) and a friendly quokka
(summoned).

Vanquished Creatures
  4 ball pythons
  An endoplasm (D:3)
  A giant cockroach (D:3)
  2 hobgoblins
  A quokka (D:3)
  A rat (D:1)
10 creatures vanquished.

Vanquished Creatures (collateral kills)
  3 adders
  7 ball pythons
  6 endoplasms
  A giant cockroach (D:3)
  2 goblins
  A hobgoblin (D:2)
  A quokka (D:1)
  4 bats
  3 frilled lizards
  2 kobolds
  2 rats
32 creatures vanquished.

Vanquished Creatures (others)
  A fungus (D:2)
1 creature vanquished.

Grand Total: 43 creatures vanquished

Notes
Turn   | Place    | Note
-------+----------+-------------------------------------------
     0 | D:1      | DoubleLucky the Tengu Summoner began the quest for the Orb.
     0 | D:1      | Reached XP level 1. HP: 10/10 MP: 4/4
   346 | D:1      | Reached skill level 5 in Summonings
   350 | D:1      | Reached XP level 2. HP: 9/15 MP: 3/6
  1218 | D:2      | Reached XP level 3. HP: 15/19 MP: 5/7
  1426 | D:2      | Found a faded altar of an unknown god.
  1747 | D:2      | Found a runed translucent door.
  1748 | D:2      | Noticed Crazy Yiuf
  2150 | D:3      | Learned a level 2 spell: Call Imp
  2212 | D:3      | Reached XP level 4. HP: 24/24 MP: 6/9
  2527 | D:3      | Noticed Sigmund
  2568 | D:3      | Mangled by Sigmund

Illustrated notes

Levels and vault maps discovered:
D:1:      dpeg_chamrin_arrival_tetris, layout_basic
D:2:      layout_loops_ring, chequers_ecumenical_altar_simple_redux,
          uniq_crazy_yiuf_cottage
D:3:      kennysheep_six_static_rooms, layout_loops_ring,
          kennysheep_slug_shrine, uniq_terence, uniq_sigmund, uniq_natasha

Skill      XL: |  1  2  3 |
---------------+----------+-----
Summonings     | 5 |  5.5
Dodging        | 3 |  3.3
Stealth        | |  2.0
Spellcasting   | |  2.8

Action                   |  1- 3 |  4- 6 || total
-------------------------+-------+-------++-------
Melee: Dagger            |    33 |    12 ||    45
       Unarmed           |     3 |       ||     3
       Peck              |     5 |     1 ||     6
       Kick              |     9 |     3 ||    12
 Cast: Summon Small Mamm |    57 |     8 ||    65
       Call Imp          |     1 |     3 ||     4
 Stab: Sleeping          |     1 |       ||     1
Armor: Robe              |     8 |     2 ||    10
Dodge: Dodged            |    27 |    12 ||    39

Table legend: (Time is in decaauts)
 A = Elapsed time spent in this place.
 B = Non-inter-level travel time spent in this place.
 C = Inter-level travel time spent in this place.
 D = Time resting spent in this place.
 E = Time spent auto-exploring this place.
 F = Levels seen in this place.
 G = Mean time per level.
                   A        B        C        D        E       F      G
               +--------+--------+--------+--------+--------+-----+--------+
         Total |   2567 |   2435 |    132 |    283 |   1636 |   3 |  855.7 |
       Dungeon |   2567 |   2435 |    132 |    283 |   1636 |   3 |  855.7 |
               +--------+--------+--------+--------+--------+-----+--------+

Top non-repeatable levels by time:
     D:2: 1157 daAuts
     D:3: 764 daAuts
     D:1: 644 daAuts
